 Dungeon Crawl Stone Soup version 0.28-a0-1613-gdaab1c2f9b (webtiles) character file.

Game seed: 7743683487820038688

7347 funkygono the Arsonist (level 11, -2/57 HPs)
             Began as a Gargoyle Fire Elementalist on Jan 21, 2022.
             Was a Believer of Vehumet.
             Slain by a tengu warrior (3 damage)
             ... led by a tengu warrior
             ... on level 9 of the Dungeon.
             The game lasted 00:18:33 (10202 turns).

funkygono the Arsonist (GrFE)                      Turns: 10202, Time: 00:18:33

Health: -2/57      AC: 17    Str: 13    XL:     11   Next: 13%
Magic:  9/24       EV: 12    Int: 19    God:    Vehumet [**....]
Gold:   431        SH:  0    Dex: 10    Spells: 18/29 levels left

rFire   . . .      SeeInvis .   s - +5 whip (freeze)
rCold   . . .      Faith    .   (no shield)
rNeg    + . .      Spirit   .   t - +2 robe {Archmagi}
rPois   ∞          Reflect  .   (no helmet)
rElec   +          Harm     .   m - +1 cloak
rCorr   .          Rampage  .   (no gloves)
Will    +....      Archmagi +   y - +2 pair of boots
Stlth   ++........              (no amulet)
HPRegen 0.19/turn               p - ring of willpower
MPRegen 0.19/turn               (no ring)

@: no status effects
A: sickness immunity, AC +8, negative energy resistance 1, electricity
resistance, torment resistance 1, petrification resistance
a: Renounce Religion


You were on level 9 of the Dungeon.
You worshipped Vehumet.
Vehumet was pleased with you.
You visited 2 branches of the dungeon, and saw 10 of its levels.
You also visited: Sewer.

You collected 513 gold pieces.
You spent 82 gold pieces at shops.

Inventory:

Hand Weapons
 f - a +0 club
 j - a +3 quarterstaff of chaos
 k - a +3 mace of draining
 s - a +5 whip of freezing (weapon)
Missiles
 d - 293 stones
 q - 3 throwing nets
Armour
 a - a +0 robe
 c - a +0 leather armour
 m - a +1 cloak (worn)
 n - an orb of wrath
 t - a +2 robe of the Archmagi (worn)
 y - a +2 pair of boots (worn)
Magical Staves
 v - a staff of air
Jewellery
 p - a ring of willpower (left hand)
Wands
 g - a wand of acid (8)
 l - a wand of flame (35)
 A - a wand of iceblast (9)
Scrolls
 z - a scroll of teleportation {unknown}
 B - a scroll of enchant armour
Potions
 b - 2 potions of flight
 e - a potion of cancellation
 h - a potion of ambrosia {unknown}
 i - 2 potions of berserk rage
 o - 4 potions of heal wounds
 r - a potion of mutation {unknown}
 u - 3 potions of might
 w - 6 potions of curing
Miscellaneous
 x - a piece from Xom's chessboard (15/15)


   Skills:
 + Level 1.7 Fighting
 + Level 1.8 Maces & Flails
 + Level 2.1 Dodging
 - Level 2.1 Stealth
 * Level 9.7 Spellcasting
 * Level 7.8 Conjurations
 * Level 11.2 Fire Magic


You had 18 spell levels left.
You knew the following spells:

 Your Spells              Type           Power      Damage    Failure   Level
a - Foxfire               Conj/Fire      100%       2x1d9     1%          1
b - Scorch                Fire           100%       2d10      1%          2
c - Conjure Flame         Conj/Fire      62%        6-21      1%          3
d - Flame Wave            Conj/Fire      62%        2d12      1%          4
e - Shock                 Conj/Air       100%       1d9       1%          1

Your spell library contained the following spells:

 Spells                   Type           Power      Damage    Failure   Level
 Freeze                   Ice            52%        1d7       8%          1
 Inner Flame              Hex/Fire       45%        N/A       2%          3
 Gell's Gravitas          Tloc           13%        N/A       22%         3
 Portal Projectile        Hex/Tloc       26%        N/A       22%         3
 Swiftness                Air            13%        N/A       22%         3
 Teleport Other           Tloc           13%        N/A       22%         3
 Airstrike                Air            6%         N/A       58%         4
 Blade Hands              Tmut           6%         N/A       91%         5
 Excruciating Wounds      Necr           6%         N/A       91%         5
 Dispersal                Tloc           6%         N/A       100%        6


Dungeon Overview and Level Annotations

Branches:
Dungeon (9/15)             Temple (1/1) D:6           Sewer (visited)
   Lair: D:8-11         Orc: D:9-12

Altars:
Ashenzari
Cheibriados
Dithmenos
Elyvilon
Fedhas
Gozag
Hepliaklqana
Kikubaaqudgha
Makhleb
Okawaru
Ru
Sif Muna
Trog
Uskayaw
Vehumet
Wu Jian
Yredelemnul
Zin
The Shining One

Shops:
D:7 ?

Annotations:
D:4 1 runed translucent door, Somebody's ghost, amateur GrWn
D:7 4 runed translucent doors, Harold


Innate Abilities, Weirdness & Mutations

You are immune to sickness and miasma.
Your stone body is resilient. (AC +8)
You are immune to poison.
You resist negative energy. (rN+)
You are resistant to electric shocks. (rElec)
You are resistant to unholy torment.
You are immune to petrification.


Message History

The tengu warrior hits you but does no damage.
The tengu warrior pecks you. The tengu warrior closely misses you.
You closely miss the tengu warrior.
The tengu warrior is heavily wounded.
The tengu warrior hits you with a +0 war axe.
The tengu warrior pecks you but does no damage.
The tengu warrior closely misses you.
You closely miss the tengu warrior.
The tengu warrior is heavily wounded.
The tengu warrior hits you with a +0 war axe!
* * * LOW HITPOINT WARNING * * *
The tengu warrior pecks you.
* * * LOW HITPOINT WARNING * * *
The tengu warrior completely misses you.
Casting: Flame Wave (dangerous; 1% risk of failure)
Confirm with . or Enter, or press ? or * to list all spells.
You feel a surge of power!
Flames lash the tengu warrior.
The tengu warrior is severely wounded.
The tengu warrior's fire resistance burns away.
The tengu warrior hits you but does no damage.
The tengu warrior pecks you but does no damage.
The tengu warrior completely misses you.
Casting: Scorch (safe; 1% risk of failure)
Confirm with . or Enter, or press ? or * to list all spells.
You feel a surge of power!
Flames lash the tengu warrior.
The tengu warrior is burned terribly!
The tengu warrior is almost dead.
The tengu warrior hits you with a +0 war axe.
* * * LOW HITPOINT WARNING * * *
The tengu warrior closely misses you. The tengu warrior claws you.
* * * LOW HITPOINT WARNING * * *
Casting: Scorch (safe; 1% risk of failure)
Confirm with . or Enter, or press ? or * to list all spells.
You feel a surge of power!
Flames lash the tengu warrior.
The tengu warrior is burned terribly!
The tengu warrior is almost dead.
The tengu warrior hits you with a +0 war axe.
* * * LOW HITPOINT WARNING * * *
The tengu warrior pecks you.
You die...

#.### ..#
#......## #
#..###..#
#.....## ##
#......
#.....######.
######....#
#.......#....
..........#
#............
#....##
......######...
#..##.### .....#
##..
##.####..##....##
#..# ########..#
##.@).....# #..#
#.........#
#..Q...... ...##
...########
#...###... ####
..## #### ..### #
..#####≈PP# ..##
#..##..P≈≈# ..#
#### ###
≈.....P≈≈≈##..
##..### ##..
P.....P≈♣P##..
####.##..# #...
≈####.P≈PP#
#...####.# #.##


You could see a tengu warrior (combustible).

Vanquished Creatures
  2 two-headed ogres
  A tengu warrior (D:9)
  Pikel (D:3)
  2 centaur zombies
  Prince Ribbit (D:6)
  A slime creature (D:7)
  A wyvern (D:8)
  A shadow (D:7)
  3 yaks (D:9)
  A steam dragon (D:7)
  Menkaure (D:7)
  3 water moccasins
  An orc warrior (D:7)
  2 hornet zombies
  3 sky beasts
  2 black bears
  2 necrophages (D:7)
  2 ice beasts
  4 ogres
  A centaur (D:6)
  3 kobold brigands
  5 bullfrogs
  6 killer bees
  2 howler monkeys
  3 jellies
  2 hounds
  Crazy Yiuf (D:6)
  A gnoll shaman (D:7)
  2 centaur skeletons
  2 iguanas (D:5)
  3 orc wizards
  A killer bee zombie (D:6)
  A howler monkey zombie (D:7)
  15 gnolls
  9 adders
  2 shadow imps
  2 white imps
  3 ufetubi
  A worm (D:2)
  2 dart slugs
  25 orcs
  11 bats
  7 endoplasms
  4 giant cockroaches
  4 goblins
  3 hobgoblins
  12 kobolds
  2 quokkas
  8 ball pythons
  4 frilled lizards
  6 rats
187 creatures vanquished.

Vanquished Creatures (collateral kills)
  6 foxfires
6 creatures vanquished.

Vanquished Creatures (others)
  599 foxfires
  A fungus (D:2)
  11 plants
  2 withered plants (D:4)
613 creatures vanquished.

Grand Total: 806 creatures vanquished

Notes
Turn   | Place    | Note
-------+----------+-------------------------------------------
     0 | D:1      | funkygono the Gargoyle Fire Elementalist began the quest
                  | for the Orb.
     0 | D:1      | Reached XP level 1. HP: 10/10 MP: 3/3
   170 | D:1      | Reached XP level 2. HP: 15/15 MP: 0/5
   286 | D:1      | Learned a level 2 spell: Scorch
   745 | D:1      | Reached XP level 3. HP: 19/19 MP: 0/6
  1337 | D:2      | Reached skill level 4 in Fire Magic
  1495 | D:2      | Found a faded altar of an unknown god.
  1852 | D:2      | Reached XP level 4. HP: 24/24 MP: 4/8
  2152 | D:2      | Learned a level 3 spell: Conjure Flame
  2315 | D:3      | Found a glowing drain.
  2329 | Sewer    | Entered a sewer
  2422 | Sewer    | Noticed a water moccasin
  2430 | Sewer    | Killed a water moccasin
  2431 | Sewer    | Reached XP level 5. HP: 28/28 MP: 3/10
  2581 | D:3      | Reached skill level 5 in Fire Magic
  2581 | D:3      | Reached XP level 6. HP: 32/32 MP: 4/11
  3161 | D:4      | Learned a level 4 spell: Flame Wave
  3258 | D:4      | Reached XP level 7. HP: 36/36 MP: 5/13
  3575 | D:4      | Noticed Pikel
  3626 | D:3      | Killed Pikel
  3627 | D:3      | Reached skill level 5 in Spellcasting
  3627 | D:3      | Reached skill level 6 in Fire Magic
  3627 | D:3      | Reached XP level 8. HP: 20/42 MP: 7/16
  4013 | D:4      | Found a runed translucent door.
  4013 | D:4      | Noticed Somebody's ghost (amateur GrWn)
  4045 | D:4      | Reached skill level 7 in Fire Magic
  4287 | D:5      | Entered Level 5 of the Dungeon
  4946 | D:5      | Found an iron altar of Okawaru.
  5156 | D:5      | Reached skill level 5 in Conjurations
  5475 | D:6      | Reached XP level 9. HP: 46/46 MP: 12/19
  5576 | D:6      | Found a staircase to the Ecumenical Temple.
  5587 | Temple   | Entered the Ecumenical Temple
  5663 | Temple   | Became a worshipper of Vehumet
  5847 | D:6      | Noticed Prince Ribbit
  5853 | D:6      | Killed Prince Ribbit
  5854 | D:6      | Reached skill level 8 in Fire Magic
  6668 | D:6      | Found a runed translucent door.
  6668 | D:6      | Noticed Crazy Yiuf
  6674 | D:6      | Killed Crazy Yiuf
  6888 | D:7      | Reached skill level 1 in Fighting
  6888 | D:7      | Reached skill level 9 in Fire Magic
  7071 | D:7      | Found a large runed translucent door.
  7073 | D:7      | Found a large runed translucent door.
  7077 | D:7      | Noticed Harold
  7077 | D:7      | Noticed a troll
  7079 | D:7      | Noticed a cyclops
  7081 | D:7      | Noticed Menkaure
  7089 | D:7      | Killed Menkaure
  7090 | D:7      | Reached XP level 10. HP: 52/52 MP: 16/22
  7093 | D:7      | Reached * piety under Vehumet
  7093 | D:7      | Offered knowledge of Shock by Vehumet.
  7160 | D:7      | Reached skill level 1 in Maces & Flails
  7258 | D:7      | Found a large runed translucent door.
  7258 | D:7      | Found a large runed translucent door.
  7302 | D:7      | Found Upryilin's Magic Scroll Shoppe.
  7307 | D:7      | Bought a scroll of enchant armour for 82 gold pieces
  7310 | D:7      | Learned a level 1 spell: Shock
  7454 | D:7      | Noticed a two-headed ogre
  7697 | D:7      | Killed a two-headed ogre
  8405 | D:8      | Reached skill level 10 in Fire Magic
  9627 | D:9      | Noticed a two-headed ogre
  9635 | D:9      | Killed a two-headed ogre
  9635 | D:9      | Reached ** piety under Vehumet
  9635 | D:9      | Offered knowledge of Freeze by Vehumet.
  9744 | D:9      | Reached XP level 11. HP: 46/57 MP: 14/24
  9747 | D:9      | Reached skill level 11 in Fire Magic
 10179 | D:9      | Noticed a tengu warrior
 10179 | D:9      | Noticed a tengu warrior
 10189 | D:9      | Killed a tengu warrior
 10202 | D:9      | HP: 1/57 [tengu warrior[a tengu warrior] (4)]
 10202 | D:9      | Slain by a tengu warrior

Illustrated notes

Levels and vault maps discovered:
D:1:      dpeg_arrival_round_c, layout_rooms, serial_forest,
          infiniplex_forest_lined_2, infiniplex_forest_lined_corner,
          infiniplex_forest_clump_curved, infiniplex_forest_end_3,
          infiniplex_forest_zigzag_2, infiniplex_forest_clump_small,
          infiniplex_forest_end_2, minmay_circled_x
D:2:      layout_basic, shapermc_ecumenical_altar_mp_ritualfount
D:3:      layout_rooms, cheibrodos_sewer_entry_drain
D:4:      layout_cave_pools, gammafunk_ghost_grave, uniq_pikel
D:5:      layout_basic, okawaru_ov_weapons_minmay
D:6:      layout_rooms, minmay_temple_entry_statues_fountains,
          uniq_prince_ribbit1, uniq_crazy_yiuf_cottage
D:7:      layout_basic, serial_shops, shop, minmay_hollow_rounded_squares,
          uniq_harold, uniq_menkaure
D:8:      layout_loops_ring
D:9:      layout_layer_cave, chequers_garden, serial_bayou_lagoon_a, uniq_psyche
Temple:   regret_index_temple_mists

Skill      XL: |  1  2  3  4  5  6  7  8  9 10 11 |
---------------+----------------------------------+-----
Fire Magic     | 4 5 6 7 9 10 11 | 11.2
Spellcasting   | 3 4 5 6 8 9 |  9.7
Conjurations   | 2 3 4 5 6 7 |  7.8
Fighting       | 1 |  1.7
Maces & Flails | 1 |  1.8
Dodging        | 2 |  2.1
Stealth        | |  2.1

Action                   |  1- 3 |  4- 6 |  7- 9 | 10-12 || total
-------------------------+-------+-------+-------+-------++-------
Melee: Club              |    32 |       |       |       ||    32
       Mace              |       |     1 |     3 |       ||     4
       Whip              |       |       |    16 |    62 ||    78
       Punch             |       |       |     1 |     1 ||     2
 Cast: Foxfire           |    57 |    73 |   171 |    72 ||   373
       Scorch            |    11 |     4 |    28 |    56 ||    99
       Flame Wave        |       |       |       |     3 ||     3
       Conjure Flame     |       |       |       |     1 ||     1
  Use: Scroll            |       |       |    15 |     5 ||    20
       Potion            |       |       |       |     1 ||     1
Armor: Robe              |     3 |     3 |    15 |    80 ||   101
Dodge: Dodged            |     9 |     4 |    19 |    69 ||   101

Table legend: (Time is in decaauts)
 A = Elapsed time spent in this place.
 B = Non-inter-level travel time spent in this place.
 C = Inter-level travel time spent in this place.
 D = Time resting spent in this place.
 E = Time spent auto-exploring this place.
 F = Levels seen in this place.
 G = Mean time per level.
                   A        B        C        D        E       F      G
               +--------+--------+--------+--------+--------+-----+--------+
         Total |  10269 |  10078 |    191 |    531 |   8028 |  11 |  933.5 |
       Dungeon |   9872 |   9707 |    165 |    531 |   7728 |   9 | 1096.9 |
        Temple |    195 |    170 |     25 |      0 |    143 |   1 |  195.0 |
         Sewer |    201 |    201 |      0 |      0 |    157 |   1 |  201.0 |
               +--------+--------+--------+--------+--------+-----+--------+

Top non-repeatable levels by time:
     D:6: 1468 daAuts
     D:7: 1419 daAuts
     D:1: 1196 daAuts
     D:4: 1177 daAuts
     D:8: 1173 daAuts
     D:5: 1077 daAuts
     D:2: 970 daAuts
     D:3: 753 daAuts
     D:9: 634 daAuts
   Sewer: 201 daAuts
  Temple: 195 daAuts
